 Dungeon Crawl Stone Soup version 0.27.1-3-gb3d3a73c9e (webtiles) character file.

Game seed: 9988882345971463420

1722 belegose the Skirmisher (level 8, -2/64 HPs)
             Began as a Mummy Abyssal Knight on Oct 29, 2021.
             Was a Believer of Lugonu.
             Slain by a troll (3 damage)
             ... on level 7 of the Dungeon.
             The game lasted 00:17:41 (9083 turns).

belegose the Skirmisher (Mummy Abyssal Knight)      Turns: 9083, Time: 00:17:42

Health: -2/64      AC:  3    Str: 15    XL:     8   Next: 75%
Magic:  11/14      EV: 15    Int: 17    God:    Lugonu [**....]
Gold:   293        SH:  4    Dex: 12    Spells: 13/16 levels left

rFire    . . .     SeeInvis .   a - +1 mace
rCold    + + .     Faith    .   b - +0 buckler
rNeg     + + +     Spirit   .   p - +1 robe "Gefexker" {rF+ rC+ rN+ Int+4}
rPois    ∞         Reflect  .   (no helmet)
rElec    .         Harm     .   (no cloak)
rCorr    .         Rampage  .   (no gloves)
Will     +....                  (no boots)
Stlth    +.........             (no amulet)
HPRegen  0.20/turn              e - +4 ring of evasion
MPRegen  0.14/turn              (no ring)

@: confusing by touch
A: cold resistance 1, negative energy resistance 3, torment resistance 2, heat
vulnerability 1, no potions
a: Renounce Religion, Depart the Abyss, Bend Space


You were on level 7 of the Dungeon.
You worshipped Lugonu.
Lugonu was pleased with you.
You visited 1 branch of the dungeon, and saw 7 of its levels.
You visited the Abyss 1 time.
You also visited: Sewer.

You collected 293 gold pieces.

Inventory:

Hand Weapons
 a - a +1 mace (weapon)
Missiles
 h - 258 stones
 m - 4 boomerangs (quivered)
 t - 12 poisoned darts
Armour
 b - a +0 buckler (worn)
 i - a +0 chain mail
 p - the +1 robe "Gefexker" (worn) {rF+ rC+ rN+ Int+4}
   (You found it on level 4 of the Dungeon)

   Int:       It affects your intelligence (+4).
   rF:        It protects you from fire.
   rC:        It protects you from cold.
   rN:        It protects you from negative energy.
 q - a +0 cloak
Jewellery
 e - a +4 ring of evasion (left hand)
Scrolls
 c - 3 scrolls of amnesia {unknown}
 d - a scroll of fog {unknown}
 f - 2 scrolls of blinking {unknown}
 g - 3 scrolls of teleportation {unknown}
 j - a scroll of torment {unknown}
 k - a scroll of summoning {unknown}
 l - 4 scrolls of identify {unknown}
 n - 2 scrolls of noise {unknown}
 o - a scroll of acquirement {unknown}
 r - a scroll of enchant weapon {unknown}
 s - 2 scrolls of enchant armour {unknown}
 u - 2 scrolls of magic mapping {unknown}
 v - 2 scrolls of immolation {unknown}


   Skills:
 + Level 5.8 Fighting
 + Level 4.3 Maces & Flails
 - Level 1.5 Armour
 - Level 0.7 Dodging
 + Level 3.4 Shields
 + Level 4.5 Spellcasting
 + Level 3.3 Hexes
 + Level 4.7 Invocations


You had 13 spell levels left.
You knew the following spells:

 Your Spells              Type           Power      Damage    Failure   Level
a - Confusing Touch       Hex            15%        N/A       12%         3

Your spell library contained the following spells:

 Spells                   Type           Power      Damage    Failure   Level
 Slow                     Hex            15%        N/A       6%          2
 Foxfire                  Conj/Fire      12%        2x1d4     16%         1
 Inner Flame              Hex/Fire       9%         N/A       24%         3
 Conjure Flame            Conj/Fire      3%         6-21      43%         3
 Summon Mana Viper        Hex/Summ       9%         N/A       92%         5
 Yara's Violent Unravell  Hex/Tmut       4%         3d4       92%         5
 Summon Forest            Summ/Tloc      1%         N/A       99%         5
 Shadow Creatures         Summ           N/A        N/A       100%        6


Dungeon Overview and Level Annotations

Branches:
Dungeon (7/15)              Sewer (visited)
 Temple: D:4-7

Altars:
Hepliaklqana
Qazlal


Innate Abilities, Weirdness & Mutations

You are immune to poison.
Your flesh is cold resistant. (rC+)
You are immune to negative energy. (rN+++)
You are immune to unholy pain and torment.
You are vulnerable to heat. (rF-)
You do not drink.


Message History

The ice beast hits you. The ice beast freezes you. You resist.
You hit the ice beast but do no damage.
The ice beast is moderately wounded.
The ice beast hits you. The ice beast freezes you. You resist.
You barely miss the ice beast.
The ice beast is moderately wounded.
The ice beast misses you.
You sock the ice beast!
The ice beast is heavily wounded.
The ice beast misses you. x2
You hit the ice beast.
The ice beast is severely wounded.
The ice beast completely misses you.
You sock the ice beast!
The ice beast is almost dead.
The ice beast closely misses you.
You closely miss the ice beast.
The ice beast is almost dead.
The ice beast barely misses you.
You hit the ice beast.
You kill the ice beast!
Lugonu accepts your kill.
Casting: Confusing Touch (dangerous; 12% risk of failure)
Confirm with . or Enter, or press ? or * to list all spells.
Your hands begin to glow red.
The troll barely misses you. You block the troll's attack. x2
Unknown command.
You barely miss the troll. The troll barely misses you. The troll claws you! x2
You closely miss the troll. The troll misses you. The troll closely misses you.
The troll claws you.
You hit the troll but do no damage. The troll misses you.
The troll claws you. x2
You hit the troll but do no damage. The troll misses you.
You block the troll's attack. The troll misses you.
The troll barely misses you. The troll closely misses you. The troll claws you.
* * * LOW HITPOINT WARNING * * *
Unknown command.
You completely miss the troll. The troll bites you!
* * * LOW HITPOINT WARNING * * *
The troll claws you.
You die...

.. .. .# .. #.# #. #.#
#. #.# #.## # #.# ###
##.#.#####..# #.# #..
#.####.###.T@....# #.#
#.# #.......#.#####..#
#.######.# #....##
##..###.(......#
#...##
........########
#.###...###.###..###.#
## #..........[#
#......# #.
#####...##### ##.###.#
#. #...# #.###.####
##. ########...#
#.##...#.###..


You could see a troll.

Vanquished Creatures
  A water moccasin (D:5)
  An orc warrior (D:6)
  2 black bears (D:5)
  3 necrophages
  An ice beast (D:7)
  An ogre (D:4)
  A kobold brigand (D:6)
  3 scorpions
  A killer bee (D:5)
  A howler monkey (D:5)
  A bullfrog zombie (D:5)
  2 hounds
  A jelly (D:6)
  A centaur skeleton (D:5)
  5 iguanas
  10 adders
  A shadow imp (D:5)
  An ufetubus (D:5)
  An adder skeleton (D:4)
  3 worms
  19 orcs
  3 bats
  4 endoplasms
  2 giant cockroaches
  A goblin (D:3)
  10 hobgoblins
  7 jackals
  11 kobolds
  11 quokkas
  9 ball pythons
  6 frilled lizards
  4 rats
128 creatures vanquished.

Vanquished Creatures (others)
  14 plants (Sewer)
14 creatures vanquished.

Grand Total: 142 creatures vanquished

Notes
Turn   | Place    | Note
-------+----------+-------------------------------------------
     0 | Abyss:1  | belegose the Mummy Abyssal Knight began the quest for the
                  | Orb.
     0 | Abyss:1  | Reached XP level 1. HP: 18/18 MP: 2/2
    28 | Abyss:1  | Noticed a smoke demon
    31 | D:1      | Escaped the Abyss
   355 | D:1      | Reached XP level 2. HP: 23/24 MP: 3/3
   705 | D:2      | Reached * piety under Lugonu
  1028 | D:2      | Found a stormy altar of Qazlal.
  1107 | D:2      | Reached XP level 3. HP: 29/29 MP: 4/4
  1391 | D:2      | Found a faded altar of an unknown god.
  1787 | D:3      | Reached XP level 4. HP: 37/37 MP: 5/5
  2171 | D:3      | Noticed a necrophage
  2194 | D:3      | Killed a necrophage
  2195 | D:3      | Reached skill level 4 in Fighting
  2195 | D:3      | Reached skill level 1 in Shields
  2195 | D:3      | Reached XP level 5. HP: 28/42 MP: 5/7
  2499 | D:3      | Reached ** piety under Lugonu
  2631 | D:3      | Found a hazy altar of Hepliaklqana.
  2725 | D:3      | Learned a level 3 spell: Confusing Touch
  2864 | D:4      | Identified the +1 robe "Gefexker" {rF+ rC+ rN+ Int+4}
  2941 | D:4      | Reached XP level 6. HP: 21/48 MP: 8/8
  3094 | D:3      | Reached skill level 1 in Spellcasting
  3242 | D:4      | Reached skill level 1 in Hexes
  3354 | D:4      | Found a glowing drain.
  3377 | Sewer    | Entered a sewer
  3907 | Sewer    | Reached XP level 7. HP: 44/55 MP: 9/9
  4629 | D:5      | Entered Level 5 of the Dungeon
  5232 | D:5      | Reached skill level 5 in Fighting
  5493 | D:5      | Reached *** piety under Lugonu
  5494 | D:5      | Reached XP level 8. HP: 10/62 MP: 12/12
  8389 | D:7      | Noticed a troll
  8560 | D:7      | HP: 1/64 [troll (11)]
  9083 | D:7      | HP: 1/64 [troll (16)]
  9083 | D:7      | Slain by a troll

Illustrated notes

Levels and vault maps discovered:
D:1:      nicolae_arrival_washed_ashore, layout_rooms
D:2:      layout_basic, basic_altar, hellmonk_ecumenical_altar_prayer_group
D:3:      layout_loops_ring, mainiacjoe_overflow_boulevard
D:4:      layout_cave_pools, cheibrodos_sewer_entry_bend
D:5:      layout_loops_ring, st_stairs_3, kennysheep_nub,
          amcnicky_mini_pool_small, chequers_serial_rivers_large_a, minivault_24
D:6:      layout_loops_ring
D:7:      layout_loops_ring, minmay_temple_entry_statues,
          minmay_misc_feat_enclosed, eino_jars

Skill      XL: |  1  2  3  4  5  6  7  8 |
---------------+-------------------------+-----
Invocations    | 2 3 4 |  4.7
Maces & Flails | 2 3 4 |  4.3
Fighting       | 4 5 |  5.8
Shields        | 1 2 3 |  3.4
Spellcasting   | 1 3 4 |  4.5
Hexes          | 1 2 3 |  3.3
Armour         | |  1.5
Dodging        | |  0.7

Action                   |  1- 3 |  4- 6 |  7- 9 || total
-------------------------+-------+-------+-------++-------
Melee: Mace              |   107 |   245 |   238 ||   590
Throw: Dart              |       |    17 |    16 ||    33
       Boomerang         |       |       |     3 ||     3
 Cast: Confusing Touch   |       |       |     2 ||     2
Invok: Depart the Abyss  |     1 |       |       ||     1
       Banish            |       |       |     1 ||     1
Evoke: Wand              |       |     3 |     5 ||     8
 Stab: Paralysed         |       |     5 |    12 ||    17
       Sleeping          |       |       |     1 ||     1
Armor: Leather armour    |    10 |       |       ||    10
       Ring mail         |    14 |       |       ||    14
       Chain mail        |    19 |    62 |       ||    81
       Robe              |       |    14 |    31 ||    45
Dodge: Dodged            |    84 |   129 |   192 ||   405
Block: Buckler           |     3 |    44 |    50 ||    97
